 Dungeon Crawl Stone Soup version 0.30-a0-54-g2e61a25929 (webtiles) character file.

Game seed: 11436889507806051315

133 jlumianski the Chopper (level 4, -6/35 HPs)
             Began as a Demonspawn Gladiator on Sept 8, 2022.
             Killed by divine providence
             ... invoked by an orc priest
              (11 damage)
             ... on level 4 of the Dungeon.
             The game lasted 00:09:09 (3229 turns).

jlumianski the Chopper (Demonspawn Gladiator)       Turns: 3229, Time: 00:09:09

Health: -6/35      AC: 12    Str: 16    XL:     4   Next: 94%
Magic:  13/13      EV: 10    Int: 15    God:
Gold:   189        SH:  0    Dex: 15    Spells: 3/3 levels left

rFire   . . .      SeeInvis .    a - +0 war axe
rCold   . . .      Faith    .    (no shield)
rNeg    . . .      Spirit   .    s - +0 scale mail
rPois   .          Reflect  .    c - +0 helmet
rElec   .          Harm     .    w - +0 cloak
rCorr   .          Rampage  +    (no gloves)
Will    .....                    m - +2 pair of boots {rampage}
Stlth   ..........               (no amulet)
HPRegen 0.11/turn                i - ring of magical power
MPRegen 0.13/turn                v - +6 ring of intelligence

@: lethally poisoned (-6 -> -19)
A: rugged brown scales 1, demonic magic 1, weakness stinger 1
a: no special abilities


You were on level 4 of the Dungeon.
You visited 1 branch of the dungeon, and saw 4 of its levels.

You collected 189 gold pieces.

Inventory:

Hand Weapons
 a - a +0 war axe (weapon)
Missiles
 d - 3 throwing nets (quivered)
 e - a javelin
 n - 45 stones
Armour
 b - a +0 leather armour
 c - a +0 helmet (worn)
 j - a +0 ring mail
 m - a +2 pair of boots of rampaging (worn)
 s - a +0 scale mail (worn)
 w - a +0 cloak (worn)
Jewellery
 i - a ring of magical power (left hand)
 v - a +6 ring of intelligence (right hand)
Scrolls
 g - 2 scrolls of teleportation
 k - 2 scrolls of vulnerability
 o - a scroll of magic mapping {unknown}
 p - a scroll of enchant weapon {unknown}
 r - a scroll of butterflies {unknown}
 u - 2 scrolls of fear {unknown}
 y - 2 scrolls of identify
 z - a scroll of silence {unknown}
Potions
 f - a potion of resistance
 h - a potion of magic
 q - a potion of cancellation
 t - a potion of attraction
 x - a potion of berserk rage {unknown}


   Skills:
 + Level 2.4 Fighting
 + Level 3.7 Axes
 + Level 1.8 Throwing
 + Level 1.9 Armour
 + Level 3.5 Dodging


You had 3 spell levels left.
You didn't know any spells.
Your spell library contained the following spells:

 Spells                   Type           Power      Damage    Failure   Level
 Beastly Appendage        Tmut           0%         N/A       69%         1
 Wereblood                Tmut           0%         N/A       83%         2
 Gell's Gravitas          Tloc           0%         N/A       96%         3
 Spider Form              Tmut/Pois      0%         N/A       96%         3
 Teleport Other           Tloc           0%         N/A       96%         3
 Dispersal                Tloc           0%         N/A       100%        6


Dungeon Overview and Level Annotations

Branches:
Dungeon (4/15)
 Temple: D:4-7

Altars:
Cheibriados
Ru
Sif Muna
Vehumet
Wu Jian


Innate Abilities, Weirdness & Mutations

You are partially covered in rugged brown scales. (AC +1, +3% HP)
Spells you cast may paralyse adjacent enemies.
You have a small tail.


Message History

The orc priest mumbles some strange prayers to Beogh against you.
Pain shoots through your body!
The scorpion stings you but does no damage.
You closely miss the scorpion. You tail-slap the scorpion.
The scorpion is heavily wounded.
You hit the orc.
You hit the orc priest but do no damage.
The scorpion completely misses you. The orc closely misses you.
The orc priest miscasts a cantrip.
You hit the scorpion.
The scorpion is severely wounded.
You hit the orc.
You kill the orc!
You hit the orc priest but do no damage.
The scorpion stings you.
The orc priest hits you but does no damage.
The scorpion stings you but does no damage.
The orc priest hits you with a +0 short sword.
* * * LOW HITPOINT WARNING * * *
You hit the scorpion.
Your tail-slap misses the scorpion.
The scorpion is almost dead.
You hit the orc priest.
The scorpion stings you but does no damage.
The orc priest closely misses you. The scorpion barely misses you.
You closely miss the scorpion.
The scorpion is almost dead.
You hit the orc priest but do no damage.
The orc priest hits you but does no damage.
The scorpion stings you.
* * * LOW HITPOINT WARNING * * *
You barely miss the scorpion. You tail-slap the scorpion.
The scorpion is almost dead.
You closely miss the orc priest. The scorpion stings you.
* * * LOW HITPOINT WARNING * * *
You are lethally poisoned!
The scorpion poisons you! The orc priest barely misses you.
The scorpion completely misses you.
The orc priest calls down the wrath of Beogh upon you.
Beogh smites you!
You die...

#...#####..# #
##.### #..## .# #..#
##...# #.# ..##
#....######... ..#
#.....##....# .##
#.........# ..##
#....#....#
...#####...####..s##
...........# ##@).#
.....#####.# ##o..#
....## #.. ....#
##.## ## ......#
##>.# #.##.#. ##.#
.. .# #.## ### .
##.# #.# #


You could see a scorpion and an orc priest.

Vanquished Creatures
  Terence (D:2)
  An orc wizard (D:4)
  2 adders
  A worm (D:2)
  A dart slug (D:2)
  4 orcs
  5 bats
  2 endoplasms
  A giant cockroach (D:2)
  8 goblins
  6 hobgoblins
  6 jackals (D:1)
  A quokka (D:3)
  3 ball pythons
  4 frilled lizards
  2 kobolds
  4 rats
52 creatures vanquished.

Vanquished Creatures (others)
  7 plants (D:1)
  9 withered plants (D:1)
16 creatures vanquished.

Grand Total: 68 creatures vanquished

Notes
Turn   | Place    | Note
-------+----------+-------------------------------------------
     0 | D:1      | jlumianski the Demonspawn Gladiator began the quest for the
                  | Orb.
     0 | D:1      | Reached XP level 1. HP: 16/16 MP: 1/1
   251 | D:1      | Gained mutation: You have a small tail. [demonic ancestry]
   251 | D:1      | Reached XP level 2. HP: 12/22 MP: 2/2
   551 | D:1      | Found a faded altar of an unknown god.
  1213 | D:2      | Noticed Terence
  1231 | D:2      | Killed Terence
  1232 | D:2      | Reached skill level 1 in Armour
  1232 | D:2      | Gained mutation: You are partially covered in rugged brown
                  | scales. (AC +1, +3% HP) [demonic ancestry]
  1232 | D:2      | Reached XP level 3. HP: 21/27 MP: 3/3
  1355 | D:3      | Found a sacrificial altar of Ru.
  1540 | D:2      | Gained mutation: Spells you cast may paralyse adjacent
                  | enemies. [demonic ancestry]
  1540 | D:2      | Reached XP level 4. HP: 33/33 MP: 4/4
  1860 | D:2      | Found a radiant altar of Vehumet.
  2113 | D:3      | Found a snail-covered altar of Cheibriados.
  2260 | D:3      | Found an ornate altar of the Wu Jian Council.
  2746 | D:3      | Found a shimmering blue altar of Sif Muna.
  3212 | D:4      | Noticed a scorpion
  3229 | D:4      | Killed from afar by an orc priest

Illustrated notes

Levels and vault maps discovered:
D:1:      dpeg_arrival_simpleton_b, layout_basic,
          shapermc_ecumenical_altar_flowoftime
D:2:      layout_basic, basic_altar, uniq_terence
D:3:      layout_basic, nicolae_overflow_hidden_temple,
          mainiacjoe_overflow_six_doors_small, mainiacjoe_overflow_divided_tiny,
          mainiacjoe_overflow_alcove_2, minmay_goblin_outpost
D:4:      layout_layer_cave, nicolae_qazlal_scattered_showers

Skill      XL: |  1  2 |
---------------+-------+-----
Dodging        | 3 |  3.5
Axes           | 3 |  3.7
Armour         | 1 |  1.9
Fighting       | |  2.4
Throwing       | |  1.8

Action                   |  1- 3 |  4- 6 || total
-------------------------+-------+-------++-------
Melee: War axe           |   101 |    55 ||   156
       Tailslap          |    13 |     6 ||    19
       Punch             |     2 |       ||     2
  Use: Scroll            |     4 |     1 ||     5
       Potion            |     2 |     2 ||     4
Armor: Leather armour    |    11 |       ||    11
       Ring mail         |    23 |       ||    23
       Scale mail        |     3 |    54 ||    57
Dodge: Dodged            |    65 |    45 ||   110

Table legend: (Time is in decaauts)
 A = Elapsed time spent in this place.
 B = Non-inter-level travel time spent in this place.
 C = Inter-level travel time spent in this place.
 D = Time resting spent in this place.
 E = Time spent auto-exploring this place.
 F = Levels seen in this place.
 G = Mean time per level.
                   A        B        C        D        E       F      G
               +--------+--------+--------+--------+--------+-----+--------+
         Total |   3282 |   3182 |    100 |      0 |   2086 |   4 |  820.5 |
       Dungeon |   3282 |   3182 |    100 |      0 |   2086 |   4 |  820.5 |
               +--------+--------+--------+--------+--------+-----+--------+

Top non-repeatable levels by time:
     D:1: 1117 daAuts
     D:3: 1073 daAuts
     D:2: 876 daAuts
     D:4: 215 daAuts
